 Dungeon Crawl Stone Soup version 0.29.0-4-gdea44cf6ec (webtiles) character file.

Game seed: 17621562769455984132

6004 qw the Cleaver (level 10, 57/57 HPs)
             Began as a Gargoyle Fighter on Sept 9, 2022.
             Quit the game on level 8 of the Dungeon.
             The game lasted 00:12:18 (9191 turns).

qw the Cleaver (Gargoyle Fighter)                   Turns: 9191, Time: 00:12:19

Health: 57/57      AC: 20    Str: 20 (22) XL:     10   Next: 85%
Magic:  10/10      EV: 21    Int:  9 (12) God:
Gold:   400        SH: 10    Dex:  9 (12) Spells: 9/9 levels left

rFire   + . .      SeeInvis .   Y - +7 war axe
rCold   + + .      Faith    .   t - +0 kite shield
rNeg    + . .      Spirit   .   p - +0 chain mail
rPois   inf        Reflect  .   (no helmet)
rElec   +          Harm     .   m - scarf {rC+ rF+}
rCorr   .          Rampage  .   (no gloves)
Will    .....                   b - +2 pair of boots
Stlth   ..........              u - amulet of the acrobat
HPRegen 0.19/turn               (no ring)
MPRegen 0.12/turn               (no ring)

@: acrobatic
A: sickness immunity, AC +7, negative energy resistance 1, electricity
resistance, torment resistance 1, petrification resistance, talons 1, agile 1,
clever 1, cold resistance 1, frail 1, screaming 1, inability to read after
injury 1
a: no special abilities


You were on level 8 of the Dungeon.
You visited 2 branches of the dungeon, and saw 9 of its levels.

You collected 400 gold pieces.


Innate Abilities, Weirdness & Mutations

You are immune to sickness and miasma.
Your stone body is resilient. (AC +7)
You are immune to poison.
You resist negative energy. (rN+)
You are resistant to electric shocks. (rElec)
You are resistant to unholy torment.
You are immune to petrification.
You have sharp toenails.
You are agile. (Dex +4, Str/Int -1)
Your mind is acute. (Int +4, Str/Dex -1)
Your flesh is cold resistant. (rC+)
You are frail. (-10% HP)
You occasionally shout uncontrollably at your foes.
You occasionally lose the ability to read scrolls when taking damage.


   Skills:
 - Level 8.3 Fighting
 - Level 10.4 Axes
 - Level 3.0 Throwing
 - Level 5.1 Armour
 - Level 2.1 Dodging
 + Level 8.4 Shields


You had 9 spell levels left.
You didn't know any spells.
Your spell library was empty.

Inventory:

Hand Weapons
 e - a +1 flail of draining
 Y - a +7 war axe (weapon)
Missiles
 f - 3 javelins (quivered)
Armour
 b - a +2 pair of boots (worn)
 m - a scarf of resistance (worn)
 o - a +0 cloak
 p - a +0 chain mail (worn)
 t - a +0 kite shield (worn)
Jewellery
 u - an amulet of the acrobat (around neck)
Scrolls
 q - 3 scrolls of blinking
 r - a scroll of identify
 s - a scroll of fog
Potions
 a - a potion of haste
 c - a potion of curing
 d - 4 potions of might
 g - a potion of attraction
 i - a potion of lignification
 k - a potion of heal wounds
 n - a potion of magic {unknown}

Dungeon Overview and Level Annotations

Branches:
Dungeon (8/15)             Temple (1/1) D:7
   Lair: D:8-11

Altars:
Ashenzari
Dithmenos
Elyvilon
Fedhas
Gozag
Hepliaklqana
Makhleb
Qazlal
Uskayaw
Vehumet
Wu Jian
Xom
Zin
The Shining One

Annotations:
D:7 2 transporters


Message History

There are monsters nearby!
9174 ||| Stepping randomly (stuck).
A killer bee is nearby!
A killer bee is nearby!
9175 ||| Stepping randomly (stuck).
You see here a glowing inky potion.
There are monsters nearby!
There are monsters nearby!
9176 ||| Stepping randomly (stuck).
A killer bee is nearby!
A killer bee is nearby!
9177 ||| Stepping randomly (stuck).
A killer bee is nearby!
A killer bee is nearby!
9179 ||| Stepping randomly (stuck).
There are monsters nearby!
There are monsters nearby!
9180 ||| Stepping randomly (stuck).
A killer bee is nearby!
A killer bee is nearby!
9181 ||| Stepping randomly (stuck).
A killer bee is nearby!
A killer bee is nearby!
9183 ||| Stepping randomly (stuck).
A killer bee is nearby!
A killer bee is nearby!
9185 ||| Stepping randomly (stuck).
A killer bee is nearby!
A killer bee is nearby!
9187 ||| Stepping randomly (stuck).
A killer bee is nearby!
A killer bee is nearby!
9189 ||| Stepping randomly (stuck).
There are monsters nearby!
There are monsters nearby!
9190 ||| Stepping randomly (stuck).
You see here a glowing inky potion.
There are monsters nearby!
There are monsters nearby!
Are you sure you want to abandon this character and quit the game? (Confirm with "yes".) S

. ## .. #### .#..#
##..## ....#
##....##...##..
#......#...#...
##..##..##.##..#
#..####..#.#..####
#..#@.#y.#.#..#.. #
#..##.#S.#.#..#.# .#
##..#.#...#...#.#..##
#....#...#...#J...#.
##..##...#..!##. ##
####..[)#....#### #
###..#..###..###
##.##.........
#.##.######..


You could see a water moccasin and a killer bee.

Vanquished Creatures
  A two-headed ogre (D:8)
  Pikel (D:7)
  3 hornets (D:8)
  6 yaks (D:7)
  A wyvern (D:7)
  A steam dragon (D:6)
  4 water moccasins
  An ice beast (D:5)
  2 black bears
  2 sky beasts
  An ogre (D:6)
  2 centaurs
  2 phantoms
  2 lemures (D:7)
  2 bullfrogs (D:8)
  A kobold brigand (D:7)
  3 necrophages
  3 scorpions
  5 wights (D:8)
  4 killer bees (D:7)
  4 hounds
  6 orc priests
  2 jellies
  3 iguanas
  9 orc wizards
  11 adders
  8 gnolls
  3 white imps
  3 dart slugs
  A worm (D:3)
  34 orcs
  11 bats
  11 endoplasms
  A giant cockroach (D:3)
  9 goblins
  5 hobgoblins
  2 jackals (D:2)
  11 kobolds
  A quokka (D:1)
  8 ball pythons
  5 rats
  A spectral kobold (D:8)
196 creatures vanquished.

Notes
Turn   | Place    | Note
-------+----------+-------------------------------------------
     0 | D:1      | qw the Gargoyle Fighter began the quest for the Orb.
     0 | D:1      | Reached XP level 1. HP: 14/14 MP: 1/1
     0 | D:1      | 0 ||| qw: Version: 0.1-a-113-g051387a
     0 | D:1      | 0 ||| qw: Game counter: 7220
     0 | D:1      | 0 ||| qw: Always use a shield: true
     0 | D:1      | 0 ||| qw: God list: Okawaru
     0 | D:1      | 0 ||| qw: Allow faded altars: false
     0 | D:1      | 0 ||| qw: Do Orc after D:15 true
     0 | D:1      | 0 ||| qw: Do second Lair branch before Depths: true
     0 | D:1      | 0 ||| qw: Lair rune preference: random
     0 | D:1      | 0 ||| qw: Plans: Normal, Zot, God:TSO, Crypt, Tomb, Zig,
                  | Orb
     0 | D:1      | 0 ||| PLANNING D:1-11
    46 | D:1      | Reached skill level 2 in Axes
   102 | D:1      | Found a faded altar of an unknown god.
   124 | D:1      | 124 ||| Stepping ~*~*~tactically~*~*~ (hiding).
   135 | D:1      | Reached XP level 2. HP: 17/19 MP: 2/2
   501 | D:1      | Reached skill level 3 in Axes
   605 | D:1      | 605 ||| DROPPING amulet of magic regeneration.
   606 | D:1      | 606 ||| READING scroll labelled HUOS LIYPLEIHE.
   607 | D:1      | 607 ||| READING scroll labelled ILOVEFINIA.
   608 | D:1      | 608 ||| READING scroll labelled GIASE TUATACRU.
   746 | D:2      | 746 ||| READING scroll of enchant weapon.
   746 | D:2      | 746 ||| ENCHANTING +1 war axe.
   749 | D:2      | Found a shimmering altar of Xom.
   760 | D:2      | Reached XP level 3. HP: 23/23 MP: 3/3
   842 | D:2      | 842 ||| Stepping ~*~*~tactically~*~*~ (stealth).
   964 | D:2      | 964 ||| Stepping ~*~*~tactically~*~*~ (stealth).
  1070 | D:2      | 1070 ||| Stepping ~*~*~tactically~*~*~ (stealth).
  1223 | D:2      | Reached XP level 4. HP: 28/28 MP: 4/4
  1265 | D:2      | You fall into a shaft and drop 2 floors!
  1411 | D:4      | Reached skill level 4 in Axes
  1521 | D:4      | HP: 5/28 [orc priest/divine providence (14)]
  1524 | D:4      | Reached XP level 5. HP: 7/32 MP: 5/5
  1813 | D:4      | 1813 ||| UPGRADING to +0 cloak.
  1818 | D:4      | 1818 ||| UPGRADING to +0 chain mail.
  1828 | D:4      | 1828 ||| DROPPING +0 scale mail.
  1829 | D:4      | 1829 ||| READING scroll labelled AJELEJ OSMUOM.
  1830 | D:4      | 1830 ||| READING scroll labelled TOCLEIL INOX.
  1831 | D:4      | 1831 ||| READING 2 scrolls labelled WALUTA UCHE.
  1881 | D:4      | 1881 ||| READING scroll labelled JAGUTY IRPHAS.
  1882 | D:4      | 1882 ||| READING scroll labelled GOCIXEIREF.
  1883 | D:4      | 1883 ||| DRINKING 3 silvery potions.
  1884 | D:4      | 1884 ||| DROPPING 2 potions of brilliance.
  1979 | D:3      | Reached skill level 5 in Axes
  2131 | D:2      | 2131 ||| DROPPING +0 club.
  2223 | D:2      | 2223 ||| UPGRADING to +2 pair of boots.
  2314 | D:3      | 2314 ||| Stepping ~*~*~tactically~*~*~ (stealth).
  2317 | D:3      | 2317 ||| Stepping ~*~*~tactically~*~*~ (hiding).
  2329 | D:3      | Noticed a phantom
  2339 | D:3      | Killed a phantom
  2340 | D:3      | Reached XP level 6. HP: 22/39 MP: 6/6
  2470 | D:3      | 2470 ||| DROPPING +0 whip.
  2765 | D:3      | 2765 ||| Stepping ~*~*~tactically~*~*~ (stealth).
  2767 | D:3      | 2767 ||| Stepping ~*~*~tactically~*~*~ (hiding).
  3276 | D:3      | 3276 ||| UPGRADING to scarf of resistance.
  3286 | D:3      | 3286 ||| READING scroll labelled HEOHUETUJARGH.
  3287 | D:3      | 3287 ||| READING scroll labelled PISUVOTO EZXOU.
  3288 | D:3      | 3288 ||| READING 3 scrolls labelled MIVERO VAALEN.
  3289 | D:3      | 3289 ||| READING scroll labelled NYSOEM ENUTOUCOGO.
  3290 | D:3      | 3290 ||| DRINKING 2 gluggy clear potions.
  3291 | D:3      | 3291 ||| DRINKING 5 glowing pink potions.
  3291 | D:3      | Gained mutation: You occasionally shout uncontrollably at
                  | your foes. [potion of mutation]
  3291 | D:3      | Gained mutation: You sometimes lose your temper in combat.
                  | [potion of mutation]
  3291 | D:3      | Gained mutation: You have sharp toenails. [potion of
                  | mutation]
  3291 | D:3      | Gained mutation: You are partially covered in iridescent
                  | scales. (AC +2) [potion of mutation]
  3292 | D:3      | 3292 ||| DRINKING 4 potions of mutation.
  3292 | D:3      | Lost mutation: You are partially covered in iridescent
                  | scales. (AC +2) [potion of mutation]
  3292 | D:3      | Lost mutation: You have sharp toenails. [potion of
                  | mutation]
  3292 | D:3      | Gained mutation: You have hidden genetic potential. [potion
                  | of mutation]
  3292 | D:3      | Gained mutation: Your large and strong wings let you fly.
                  | [potion of mutation]
  3292 | D:3      | Gained mutation: Your muscles are strong. (Str +4, Int/Dex
                  | -1) [potion of mutation]
  3293 | D:3      | 3293 ||| DRINKING 3 potions of mutation.
  3293 | D:3      | Lost mutation: You have hidden genetic potential. [potion
                  | of mutation]
  3293 | D:3      | Lost mutation: Your large and strong wings let you fly.
                  | [potion of mutation]
  3293 | D:3      | Gained mutation: You frequently scream uncontrollably at
                  | your foes. [potion of mutation]
  3293 | D:3      | Gained mutation: Your movements are slightly less
                  | encumbered by armour. (ER -2) [potion of mutation]
  3293 | D:3      | Gained mutation: You have large cloven feet. [potion of
                  | mutation]
  3293 | D:3      | Gained mutation: You have very sharp teeth. [potion of
                  | mutation]
  3294 | D:3      | 3294 ||| DRINKING 2 potions of mutation.
  3294 | D:3      | Lost mutation: You frequently scream uncontrollably at your
                  | foes. [potion of mutation]
  3294 | D:3      | Lost mutation: You have large cloven feet. [potion of
                  | mutation]
  3294 | D:3      | Lost mutation: Your movements are slightly less encumbered
                  | by armour. (ER -2) [potion of mutation]
  3294 | D:3      | Gained mutation: Your flesh is cold resistant. (rC+)
                  | [potion of mutation]
  3294 | D:3      | Gained mutation: You are frail. (-10% HP) [potion of
                  | mutation]
  3294 | D:3      | Gained mutation: You are agile. (Dex +4, Str/Int -1)
                  | [potion of mutation]
  3295 | D:3      | 3295 ||| DRINKING potion of mutation.
  3295 | D:3      | Lost mutation: You sometimes lose your temper in combat.
                  | [potion of mutation]
  3295 | D:3      | Lost mutation: Your muscles are strong. (Str +4, Int/Dex
                  | -1) [potion of mutation]
  3295 | D:3      | Lost mutation: You have very sharp teeth. [potion of
                  | mutation]
  3295 | D:3      | Gained mutation: Your mind is acute. (Int +4, Str/Dex -1)
                  | [potion of mutation]
  3295 | D:3      | Gained mutation: You occasionally lose the ability to read
                  | scrolls when taking damage. [potion of mutation]
  3295 | D:3      | Gained mutation: You have sharp toenails. [potion of
                  | mutation]
  3296 | D:3      | 3296 ||| DRINKING 2 fuming yellow potions.
  3297 | D:3      | 3297 ||| READING 2 scrolls of identify.
  3297 | D:3      | 3297 ||| IDENTIFYING golden potion
  3298 | D:3      | 3298 ||| DROPPING potion of flight.
  3368 | D:4      | Found a stormy altar of Qazlal.
  3369 | D:4      | 3369 ||| Stepping ~*~*~tactically~*~*~ (stealth).
  3371 | D:4      | 3371 ||| Stepping ~*~*~tactically~*~*~ (stealth).
  3373 | D:4      | 3373 ||| Stepping ~*~*~tactically~*~*~ (stealth).
  3374 | D:4      | 3374 ||| Stepping ~*~*~tactically~*~*~ (stealth).
  3667 | D:4      | 3667 ||| READING scroll of enchant weapon.
  3667 | D:4      | 3667 ||| ENCHANTING +2 war axe.
  3673 | D:4      | 3673 ||| READING 2 scrolls of enchant weapon.
  3673 | D:4      | 3673 ||| ENCHANTING +3 war axe.
  3674 | D:4      | 3674 ||| READING scroll of enchant weapon.
  3674 | D:4      | 3674 ||| ENCHANTING +4 war axe.
  3701 | D:4      | 3701 ||| Stepping ~*~*~tactically~*~*~ (stealth).
  3718 | D:4      | 3718 ||| Stepping ~*~*~tactically~*~*~ (hiding).
  3720 | D:4      | Reached skill level 1 in Dodging
  3837 | D:4      | Found a glowing silver altar of Zin.
  3842 | D:4      | 3842 ||| READING 2 scrolls of identify.
  3842 | D:4      | 3842 ||| IDENTIFYING inky potion
  3864 | D:5      | Entered Level 5 of the Dungeon
  3924 | D:5      | Noticed a water moccasin
  3931 | D:5      | Killed a water moccasin
  3932 | D:5      | Reached skill level 6 in Axes
  3932 | D:5      | Reached XP level 7. HP: 33/39 MP: 7/7
  4013 | D:5      | 4013 ||| Stepping ~*~*~tactically~*~*~ (stealth).
  4033 | D:5      | 4033 ||| READING scroll of enchant weapon.
  4033 | D:5      | 4033 ||| ENCHANTING +5 war axe.
  4108 | D:5      | 4108 ||| Stepping ~*~*~tactically~*~*~ (stealth).
  4128 | D:5      | Reached skill level 7 in Axes
  4182 | D:5      | Reached XP level 8. HP: 44/44 MP: 8/8
  4445 | D:5      | 4445 ||| Stepping ~*~*~tactically~*~*~ (stealth).
  4582 | D:5      | 4582 ||| DROPPING scarf of shadows.
  4583 | D:5      | 4583 ||| READING scroll labelled BUZAUGOPHA.
  4640 | D:6      | 4640 ||| STAIRDANCE
  4649 | D:6      | 4649 ||| STAIRDANCE
  4661 | D:6      | Reached skill level 8 in Axes
  4662 | D:6      | 4662 ||| STAIRDANCE
  4776 | D:6      | 4776 ||| Stepping ~*~*~tactically~*~*~ (stealth).
  4783 | D:6      | 4783 ||| Stepping ~*~*~tactically~*~*~ (hiding).
  4785 | D:6      | 4785 ||| Stepping ~*~*~tactically~*~*~ (hiding).
  4796 | D:6      | 4796 ||| FLEEEEING.
  4797 | D:6      | 4797 ||| FLEEEEING.
  4803 | D:6      | 4803 ||| STAIRDANCE
  4864 | D:6      | 4864 ||| Stepping ~*~*~tactically~*~*~ (stealth).
  4943 | D:6      | Reached skill level 6 in Fighting
  5043 | D:6      | Identified the +4 falchion of the Rescuing Gods {flame,
                  | rElec Str-5 Dex+6 Stlth+}
  5044 | D:6      | 5044 ||| Stepping ~*~*~tactically~*~*~ (stealth).
  5082 | D:6      | 5082 ||| FLEEEEING.
  5083 | D:6      | 5083 ||| FLEEEEING.
  5084 | D:6      | 5084 ||| FLEEEEING.
  5096 | D:6      | 5096 ||| Stepping ~*~*~tactically~*~*~ (stealth).
  5103 | D:6      | 5103 ||| Stepping ~*~*~tactically~*~*~ (stealth).
  5106 | D:6      | 5106 ||| Stepping ~*~*~tactically~*~*~ (stealth).
  5146 | D:6      | 5146 ||| Stepping ~*~*~tactically~*~*~ (stealth).
  5400 | D:6      | Found a hide-covered altar of Uskayaw.
  5554 | D:6      | 5554 ||| Stepping ~*~*~tactically~*~*~ (stealth).
  5556 | D:6      | 5556 ||| Stepping ~*~*~tactically~*~*~ (stealth).
  5570 | D:6      | Reached skill level 9 in Axes
  5570 | D:6      | Reached XP level 9. HP: 36/49 MP: 9/9
  5698 | D:6      | 5698 ||| READING scroll labelled AXORPH HIOZOVE.
  5699 | D:6      | 5699 ||| READING 3 scrolls of identify.
  5699 | D:6      | 5699 ||| IDENTIFYING grey potion
  5700 | D:6      | 5700 ||| READING 2 scrolls of identify.
  5700 | D:6      | 5700 ||| IDENTIFYING metallic inky potion
  5701 | D:6      | 5701 ||| DROPPING potion of invisibility.
  5719 | D:7      | Found a staircase to the Ecumenical Temple.
  5720 | D:7      | 5720 ||| PLANNING TEMPLE
  5728 | Temple   | Entered the Ecumenical Temple
  5766 | Temple   | 5766 ||| PLANNING D:1-11
  5976 | D:7      | Reached skill level 1 in Throwing
  6064 | D:7      | 6064 ||| Stepping ~*~*~tactically~*~*~ (stealth).
  6101 | D:7      | 6101 ||| Stepping ~*~*~tactically~*~*~ (stealth).
  6115 | D:7      | HP: 12/51 [yak (9)]
  6118 | D:7      | 6118 ||| READING 5 scrolls of teleportation.
  6122 | D:7      | Found a transporter.
  6123 | D:7      | 6123 ||| READING 4 scrolls of teleportation.
  6372 | D:7      | 6372 ||| Stepping ~*~*~tactically~*~*~ (stealth).
  6447 | D:7      | Noticed Pikel
  6456 | D:7      | 6456 ||| Stepping ~*~*~tactically~*~*~ (stealth).
  6460 | D:7      | 6460 ||| Stepping ~*~*~tactically~*~*~ (stealth).
  6470 | D:7      | Killed Pikel
  6471 | D:7      | Reached skill level 10 in Axes
  6571 | D:7      | 6571 ||| READING scroll of enchant weapon.
  6571 | D:7      | 6571 ||| ENCHANTING +6 war axe.
  6643 | D:7      | Noticed a kobold demonologist
  6693 | D:7      | 6693 ||| Stepping ~*~*~tactically~*~*~ (stealth).
  6695 | D:7      | 6695 ||| Stepping ~*~*~tactically~*~*~ (stealth).
  6708 | D:7      | Reached XP level 10. HP: 56/56 MP: 10/10
  6831 | D:7      | Noticed a kobold demonologist
  6838 | D:7      | Found a transporter.
  6858 | D:7      | Reached skill level 3 in Throwing
  6991 | D:8      | 6991 ||| Stepping ~*~*~tactically~*~*~ (stealth).
  6996 | D:8      | 6996 ||| Stepping ~*~*~tactically~*~*~ (stealth).
  7002 | D:8      | 7002 ||| Stepping ~*~*~tactically~*~*~ (stealth).
  7087 | D:8      | 7087 ||| Stepping ~*~*~tactically~*~*~ (hiding).
  7128 | D:8      | Found an ornate altar of the Wu Jian Council.
  7359 | D:8      | 7359 ||| UPGRADING to +0 kite shield.
  7369 | D:8      | 7369 ||| DROPPING +0 buckler.
  7389 | D:8      | 7389 ||| UPGRADING to amulet of the acrobat.
  7394 | D:8      | 7394 ||| READING 4 scrolls of teleportation.
  7403 | D:8      | 7403 ||| DRINKING potion of curing.
  7403 | D:8      | 7403 ||| (to cure confusion)
  7536 | D:8      | Reached skill level 6 in Shields
  7540 | D:8      | 7540 ||| Stepping ~*~*~tactically~*~*~ (stealth).
  7604 | D:8      | 7604 ||| Stepping ~*~*~tactically~*~*~ (hiding).
  7613 | D:8      | 7613 ||| DRINKING 2 potions of curing.
  7613 | D:8      | 7613 ||| (to cure confusion)
  7655 | D:8      | Found a hazy altar of Hepliaklqana.
  7703 | D:8      | 7703 ||| DROPPING +0 flail.
  7706 | D:8      | Found a flagged portal.
  7722 | D:8      | Noticed a two-headed ogre
  7729 | D:8      | Killed a two-headed ogre
  7912 | D:8      | 7912 ||| DRINKING 2 sedimented orange potions.
  7913 | D:8      | 7913 ||| DRINKING 2 fizzy orange potions.
  7914 | D:8      | 7914 ||| DROPPING potion of degeneration.
  7915 | D:8      | 7915 ||| READING 3 scrolls of teleportation.
  7962 | D:8      | 7962 ||| READING 2 scrolls of teleportation.
  7965 | D:8      | 7965 ||| READING scroll of teleportation.
  7977 | D:8      | 7977 ||| Stepping randomly (stuck).
  7978 | D:8      | 7978 ||| Stepping randomly (stuck).
  7979 | D:8      | 7979 ||| Stepping randomly (stuck).
  7980 | D:8      | 7980 ||| Stepping randomly (stuck).
  7981 | D:8      | 7981 ||| Stepping randomly (stuck).
  7982 | D:8      | 7982 ||| Stepping randomly (stuck).
  7983 | D:8      | 7983 ||| Stepping randomly (stuck).
  7984 | D:8      | 7984 ||| Stepping randomly (stuck).
  7985 | D:8      | 7985 ||| Stepping randomly (stuck).
  7986 | D:8      | 7986 ||| Stepping randomly (stuck).
  7987 | D:8      | 7987 ||| Stepping randomly (stuck).
  7988 | D:8      | 7988 ||| Stepping randomly (stuck).
  7989 | D:8      | 7989 ||| Stepping randomly (stuck).
  7990 | D:8      | 7990 ||| Stepping randomly (stuck).
  7991 | D:8      | 7991 ||| Stepping randomly (stuck).
  7992 | D:8      | 7992 ||| Stepping randomly (stuck).
  7993 | D:8      | 7993 ||| Stepping randomly (stuck).
  7995 | D:8      | 7995 ||| Stepping randomly (stuck).
  7996 | D:8      | 7996 ||| Stepping randomly (stuck).
  7997 | D:8      | 7997 ||| Stepping randomly (stuck).
  7998 | D:8      | 7998 ||| Stepping randomly (stuck).
  7999 | D:8      | 7999 ||| Stepping randomly (stuck).
  8000 | D:8      | 8000 ||| Stepping randomly (stuck).
  8001 | D:8      | 8001 ||| Stepping randomly (stuck).
  8002 | D:8      | 8002 ||| Stepping randomly (stuck).
  8003 | D:8      | 8003 ||| Stepping randomly (stuck).
  8004 | D:8      | 8004 ||| Stepping randomly (stuck).
  8008 | D:8      | 8008 ||| Stepping randomly (stuck).
  8009 | D:8      | 8009 ||| Stepping randomly (stuck).
  8014 | D:8      | 8014 ||| Stepping randomly (stuck).
  8030 | D:8      | 8030 ||| Stepping randomly (stuck).
  8031 | D:8      | 8031 ||| Stepping randomly (stuck).
  8032 | D:8      | 8032 ||| Stepping randomly (stuck).
  8034 | D:8      | 8034 ||| Stepping randomly (stuck).
  8035 | D:8      | 8035 ||| Stepping randomly (stuck).
  8037 | D:8      | 8037 ||| Stepping randomly (stuck).
  8039 | D:8      | 8039 ||| Stepping randomly (stuck).
  8040 | D:8      | 8040 ||| Stepping randomly (stuck).
  8041 | D:8      | 8041 ||| Stepping randomly (stuck).
  8042 | D:8      | 8042 ||| Stepping randomly (stuck).
  8043 | D:8      | 8043 ||| Stepping randomly (stuck).
  8044 | D:8      | 8044 ||| Stepping randomly (stuck).
  8046 | D:8      | 8046 ||| Stepping randomly (stuck).
  8048 | D:8      | 8048 ||| Stepping randomly (stuck).
  8050 | D:8      | 8050 ||| Stepping randomly (stuck).
  8051 | D:8      | 8051 ||| Stepping randomly (stuck).
  8053 | D:8      | 8053 ||| Stepping randomly (stuck).
  8055 | D:8      | 8055 ||| Stepping randomly (stuck).
  8056 | D:8      | 8056 ||| Stepping randomly (stuck).
  8057 | D:8      | 8057 ||| Stepping randomly (stuck).
  8059 | D:8      | 8059 ||| Stepping randomly (stuck).
  8061 | D:8      | 8061 ||| Stepping randomly (stuck).
  8063 | D:8      | 8063 ||| Stepping randomly (stuck).
  8065 | D:8      | 8065 ||| Stepping randomly (stuck).
  8066 | D:8      | 8066 ||| Stepping randomly (stuck).
  8067 | D:8      | 8067 ||| Stepping randomly (stuck).
  8069 | D:8      | 8069 ||| Stepping randomly (stuck).
  8070 | D:8      | 8070 ||| Stepping randomly (stuck).
  8071 | D:8      | 8071 ||| Stepping randomly (stuck).
  8073 | D:8      | 8073 ||| Stepping randomly (stuck).
  8074 | D:8      | 8074 ||| Stepping randomly (stuck).
  8076 | D:8      | 8076 ||| Stepping randomly (stuck).
  8077 | D:8      | 8077 ||| Stepping randomly (stuck).
  8079 | D:8      | 8079 ||| Stepping randomly (stuck).
  8081 | D:8      | 8081 ||| Stepping randomly (stuck).
  8083 | D:8      | 8083 ||| Stepping randomly (stuck).
  8084 | D:8      | 8084 ||| Stepping randomly (stuck).
  8085 | D:8      | 8085 ||| Stepping randomly (stuck).
  8086 | D:8      | 8086 ||| Stepping randomly (stuck).
  8087 | D:8      | 8087 ||| Stepping randomly (stuck).
  8089 | D:8      | 8089 ||| Stepping randomly (stuck).
  8090 | D:8      | 8090 ||| Stepping randomly (stuck).
  8092 | D:8      | 8092 ||| Stepping randomly (stuck).
  8093 | D:8      | 8093 ||| Stepping randomly (stuck).
  8094 | D:8      | 8094 ||| Stepping randomly (stuck).
  8096 | D:8      | 8096 ||| Stepping randomly (stuck).
  8098 | D:8      | 8098 ||| Stepping randomly (stuck).
  8100 | D:8      | 8100 ||| Stepping randomly (stuck).
  8101 | D:8      | 8101 ||| Stepping randomly (stuck).
  8103 | D:8      | 8103 ||| Stepping randomly (stuck).
  8105 | D:8      | 8105 ||| Stepping randomly (stuck).
  8106 | D:8      | 8106 ||| Stepping randomly (stuck).
  8107 | D:8      | 8107 ||| Stepping randomly (stuck).
  8109 | D:8      | 8109 ||| Stepping randomly (stuck).
  8110 | D:8      | 8110 ||| Stepping randomly (stuck).
  8111 | D:8      | 8111 ||| Stepping randomly (stuck).
  8113 | D:8      | 8113 ||| Stepping randomly (stuck).
  8115 | D:8      | 8115 ||| Stepping randomly (stuck).
  8116 | D:8      | 8116 ||| Stepping randomly (stuck).
  8118 | D:8      | 8118 ||| Stepping randomly (stuck).
  8119 | D:8      | 8119 ||| Stepping randomly (stuck).
  8121 | D:8      | 8121 ||| Stepping randomly (stuck).
  8123 | D:8      | 8123 ||| Stepping randomly (stuck).
  8124 | D:8      | 8124 ||| Stepping randomly (stuck).
  8125 | D:8      | 8125 ||| Stepping randomly (stuck).
  8127 | D:8      | 8127 ||| Stepping randomly (stuck).
  8129 | D:8      | 8129 ||| Stepping randomly (stuck).
  8131 | D:8      | 8131 ||| Stepping randomly (stuck).
  8132 | D:8      | 8132 ||| Stepping randomly (stuck).
  8134 | D:8      | 8134 ||| Stepping randomly (stuck).
  8136 | D:8      | 8136 ||| Stepping randomly (stuck).
  8138 | D:8      | 8138 ||| Stepping randomly (stuck).
  8140 | D:8      | 8140 ||| Stepping randomly (stuck).
  8141 | D:8      | 8141 ||| Stepping randomly (stuck).
  8142 | D:8      | 8142 ||| Stepping randomly (stuck).
  8143 | D:8      | 8143 ||| Stepping randomly (stuck).
  8145 | D:8      | 8145 ||| Stepping randomly (stuck).
  8146 | D:8      | 8146 ||| Stepping randomly (stuck).
  8147 | D:8      | 8147 ||| Stepping randomly (stuck).
  8149 | D:8      | 8149 ||| Stepping randomly (stuck).
  8150 | D:8      | 8150 ||| Stepping randomly (stuck).
  8151 | D:8      | 8151 ||| Stepping randomly (stuck).
  8153 | D:8      | 8153 ||| Stepping randomly (stuck).
  8155 | D:8      | 8155 ||| Stepping randomly (stuck).
  8157 | D:8      | 8157 ||| Stepping randomly (stuck).
  8159 | D:8      | 8159 ||| Stepping randomly (stuck).
  8161 | D:8      | 8161 ||| Stepping randomly (stuck).
  8162 | D:8      | 8162 ||| Stepping randomly (stuck).
  8163 | D:8      | 8163 ||| Stepping randomly (stuck).
  8164 | D:8      | 8164 ||| Stepping randomly (stuck).
  8165 | D:8      | 8165 ||| Stepping randomly (stuck).
  8166 | D:8      | 8166 ||| Stepping randomly (stuck).
  8167 | D:8      | 8167 ||| Stepping randomly (stuck).
  8168 | D:8      | 8168 ||| Stepping randomly (stuck).
  8169 | D:8      | 8169 ||| Stepping randomly (stuck).
  8170 | D:8      | 8170 ||| Stepping randomly (stuck).
  8172 | D:8      | 8172 ||| Stepping randomly (stuck).
  8173 | D:8      | 8173 ||| Stepping randomly (stuck).
  8174 | D:8      | 8174 ||| Stepping randomly (stuck).
  8175 | D:8      | 8175 ||| Stepping randomly (stuck).
  8176 | D:8      | 8176 ||| Stepping randomly (stuck).
  8177 | D:8      | 8177 ||| Stepping randomly (stuck).
  8178 | D:8      | 8178 ||| Stepping randomly (stuck).
  8179 | D:8      | 8179 ||| Stepping randomly (stuck).
  8180 | D:8      | 8180 ||| Stepping randomly (stuck).
  8182 | D:8      | 8182 ||| Stepping randomly (stuck).
  8183 | D:8      | 8183 ||| Stepping randomly (stuck).
  8184 | D:8      | 8184 ||| Stepping randomly (stuck).
  8186 | D:8      | 8186 ||| Stepping randomly (stuck).
  8187 | D:8      | 8187 ||| Stepping randomly (stuck).
  8188 | D:8      | 8188 ||| Stepping randomly (stuck).
  8189 | D:8      | 8189 ||| Stepping randomly (stuck).
  8190 | D:8      | 8190 ||| Stepping randomly (stuck).
  8191 | D:8      | 8191 ||| Stepping randomly (stuck).
  8192 | D:8      | 8192 ||| Stepping randomly (stuck).
  8193 | D:8      | 8193 ||| Stepping randomly (stuck).
  8195 | D:8      | 8195 ||| Stepping randomly (stuck).
  8196 | D:8      | 8196 ||| Stepping randomly (stuck).
  8197 | D:8      | 8197 ||| Stepping randomly (stuck).
  8199 | D:8      | 8199 ||| Stepping randomly (stuck).
  8200 | D:8      | 8200 ||| Stepping randomly (stuck).
  8201 | D:8      | 8201 ||| Stepping randomly (stuck).
  8202 | D:8      | 8202 ||| Stepping randomly (stuck).
  8204 | D:8      | 8204 ||| Stepping randomly (stuck).
  8206 | D:8      | 8206 ||| Stepping randomly (stuck).
  8207 | D:8      | 8207 ||| Stepping randomly (stuck).
  8208 | D:8      | 8208 ||| Stepping randomly (stuck).
  8209 | D:8      | 8209 ||| Stepping randomly (stuck).
  8210 | D:8      | 8210 ||| Stepping randomly (stuck).
  8211 | D:8      | 8211 ||| Stepping randomly (stuck).
  8212 | D:8      | 8212 ||| Stepping randomly (stuck).
  8214 | D:8      | 8214 ||| Stepping randomly (stuck).
  8216 | D:8      | 8216 ||| Stepping randomly (stuck).
  8217 | D:8      | 8217 ||| Stepping randomly (stuck).
  8218 | D:8      | 8218 ||| Stepping randomly (stuck).
  8219 | D:8      | 8219 ||| Stepping randomly (stuck).
  8220 | D:8      | 8220 ||| Stepping randomly (stuck).
  8221 | D:8      | 8221 ||| Stepping randomly (stuck).
  8222 | D:8      | 8222 ||| Stepping randomly (stuck).
  8223 | D:8      | 8223 ||| Stepping randomly (stuck).
  8225 | D:8      | 8225 ||| Stepping randomly (stuck).
  8227 | D:8      | 8227 ||| Stepping randomly (stuck).
  8228 | D:8      | 8228 ||| Stepping randomly (stuck).
  8229 | D:8      | 8229 ||| Stepping randomly (stuck).
  8230 | D:8      | 8230 ||| Stepping randomly (stuck).
  8231 | D:8      | 8231 ||| Stepping randomly (stuck).
  8232 | D:8      | 8232 ||| Stepping randomly (stuck).
  8233 | D:8      | 8233 ||| Stepping randomly (stuck).
  8234 | D:8      | 8234 ||| Stepping randomly (stuck).
  8235 | D:8      | 8235 ||| Stepping randomly (stuck).
  8236 | D:8      | 8236 ||| Stepping randomly (stuck).
  8237 | D:8      | 8237 ||| Stepping randomly (stuck).
  8238 | D:8      | 8238 ||| Stepping randomly (stuck).
  8239 | D:8      | 8239 ||| Stepping randomly (stuck).
  8241 | D:8      | 8241 ||| Stepping randomly (stuck).
  8242 | D:8      | 8242 ||| Stepping randomly (stuck).
  8243 | D:8      | 8243 ||| Stepping randomly (stuck).
  8244 | D:8      | 8244 ||| Stepping randomly (stuck).
  8245 | D:8      | 8245 ||| Stepping randomly (stuck).
  8246 | D:8      | 8246 ||| Stepping randomly (stuck).
  8247 | D:8      | 8247 ||| Stepping randomly (stuck).
  8248 | D:8      | 8248 ||| Stepping randomly (stuck).
  8249 | D:8      | 8249 ||| Stepping randomly (stuck).
  8250 | D:8      | 8250 ||| Stepping randomly (stuck).
  8251 | D:8      | 8251 ||| Stepping randomly (stuck).
  8252 | D:8      | 8252 ||| Stepping randomly (stuck).
  8253 | D:8      | 8253 ||| Stepping randomly (stuck).
  8254 | D:8      | 8254 ||| Stepping randomly (stuck).
  8255 | D:8      | 8255 ||| Stepping randomly (stuck).
  8256 | D:8      | 8256 ||| Stepping randomly (stuck).
  8257 | D:8      | 8257 ||| Stepping randomly (stuck).
  8258 | D:8      | 8258 ||| Stepping randomly (stuck).
  8259 | D:8      | 8259 ||| Stepping randomly (stuck).
  8260 | D:8      | 8260 ||| Stepping randomly (stuck).
  8261 | D:8      | 8261 ||| Stepping randomly (stuck).
  8263 | D:8      | 8263 ||| Stepping randomly (stuck).
  8264 | D:8      | 8264 ||| Stepping randomly (stuck).
  8265 | D:8      | 8265 ||| Stepping randomly (stuck).
  8266 | D:8      | 8266 ||| Stepping randomly (stuck).
  8267 | D:8      | 8267 ||| Stepping randomly (stuck).
  8268 | D:8      | 8268 ||| Stepping randomly (stuck).
  8269 | D:8      | 8269 ||| Stepping randomly (stuck).
  8270 | D:8      | 8270 ||| Stepping randomly (stuck).
  8271 | D:8      | 8271 ||| Stepping randomly (stuck).
  8272 | D:8      | 8272 ||| Stepping randomly (stuck).
  8273 | D:8      | 8273 ||| Stepping randomly (stuck).
  8274 | D:8      | 8274 ||| Stepping randomly (stuck).
  8275 | D:8      | 8275 ||| Stepping randomly (stuck).
  8276 | D:8      | 8276 ||| Stepping randomly (stuck).
  8277 | D:8      | 8277 ||| Stepping randomly (stuck).
  8278 | D:8      | 8278 ||| Stepping randomly (stuck).
  8279 | D:8      | 8279 ||| Stepping randomly (stuck).
  8280 | D:8      | 8280 ||| Stepping randomly (stuck).
  8281 | D:8      | 8281 ||| Stepping randomly (stuck).
  8282 | D:8      | 8282 ||| Stepping randomly (stuck).
  8283 | D:8      | 8283 ||| Stepping randomly (stuck).
  8284 | D:8      | 8284 ||| Stepping randomly (stuck).
  8285 | D:8      | 8285 ||| Stepping randomly (stuck).
  8286 | D:8      | 8286 ||| Stepping randomly (stuck).
  8287 | D:8      | 8287 ||| Stepping randomly (stuck).
  8288 | D:8      | 8288 ||| Stepping randomly (stuck).
  8289 | D:8      | 8289 ||| Stepping randomly (stuck).
  8290 | D:8      | 8290 ||| Stepping randomly (stuck).
  8291 | D:8      | 8291 ||| Stepping randomly (stuck).
  8292 | D:8      | 8292 ||| Stepping randomly (stuck).
  8293 | D:8      | 8293 ||| Stepping randomly (stuck).
  8294 | D:8      | 8294 ||| Stepping randomly (stuck).
  8295 | D:8      | 8295 ||| Stepping randomly (stuck).
  8296 | D:8      | 8296 ||| Stepping randomly (stuck).
  8297 | D:8      | 8297 ||| Stepping randomly (stuck).
  8298 | D:8      | 8298 ||| Stepping randomly (stuck).
  8299 | D:8      | 8299 ||| Stepping randomly (stuck).
  8300 | D:8      | 8300 ||| Stepping randomly (stuck).
  8301 | D:8      | 8301 ||| Stepping randomly (stuck).
  8302 | D:8      | 8302 ||| Stepping randomly (stuck).
  8304 | D:8      | 8304 ||| Stepping randomly (stuck).
  8305 | D:8      | 8305 ||| Stepping randomly (stuck).
  8306 | D:8      | 8306 ||| Stepping randomly (stuck).
  8307 | D:8      | 8307 ||| Stepping randomly (stuck).
  8308 | D:8      | 8308 ||| Stepping randomly (stuck).
  8309 | D:8      | 8309 ||| Stepping randomly (stuck).
  8310 | D:8      | 8310 ||| Stepping randomly (stuck).
  8311 | D:8      | 8311 ||| Stepping randomly (stuck).
  8312 | D:8      | 8312 ||| Stepping randomly (stuck).
  8313 | D:8      | 8313 ||| Stepping randomly (stuck).
  8314 | D:8      | 8314 ||| Stepping randomly (stuck).
  8315 | D:8      | 8315 ||| Stepping randomly (stuck).
  8316 | D:8      | 8316 ||| Stepping randomly (stuck).
  8317 | D:8      | 8317 ||| Stepping randomly (stuck).
  8318 | D:8      | 8318 ||| Stepping randomly (stuck).
  8319 | D:8      | 8319 ||| Stepping randomly (stuck).
  8320 | D:8      | 8320 ||| Stepping randomly (stuck).
  8322 | D:8      | 8322 ||| Stepping randomly (stuck).
  8323 | D:8      | 8323 ||| Stepping randomly (stuck).
  8324 | D:8      | 8324 ||| Stepping randomly (stuck).
  8325 | D:8      | 8325 ||| Stepping randomly (stuck).
  8326 | D:8      | 8326 ||| Stepping randomly (stuck).
  8328 | D:8      | 8328 ||| Stepping randomly (stuck).
  8330 | D:8      | 8330 ||| Stepping randomly (stuck).
  8331 | D:8      | 8331 ||| Stepping randomly (stuck).
  8332 | D:8      | 8332 ||| Stepping randomly (stuck).
  8333 | D:8      | 8333 ||| Stepping randomly (stuck).
  8335 | D:8      | 8335 ||| Stepping randomly (stuck).
  8337 | D:8      | 8337 ||| Stepping randomly (stuck).
  8338 | D:8      | 8338 ||| Stepping randomly (stuck).
  8339 | D:8      | 8339 ||| Stepping randomly (stuck).
  8340 | D:8      | 8340 ||| Stepping randomly (stuck).
  8341 | D:8      | 8341 ||| Stepping randomly (stuck).
  8342 | D:8      | 8342 ||| Stepping randomly (stuck).
  8343 | D:8      | 8343 ||| Stepping randomly (stuck).
  8344 | D:8      | 8344 ||| Stepping randomly (stuck).
  8345 | D:8      | 8345 ||| Stepping randomly (stuck).
  8346 | D:8      | 8346 ||| Stepping randomly (stuck).
  8347 | D:8      | 8347 ||| Stepping randomly (stuck).
  8348 | D:8      | 8348 ||| Stepping randomly (stuck).
  8349 | D:8      | 8349 ||| Stepping randomly (stuck).
  8350 | D:8      | 8350 ||| Stepping randomly (stuck).
  8351 | D:8      | 8351 ||| Stepping randomly (stuck).
  8352 | D:8      | 8352 ||| Stepping randomly (stuck).
  8353 | D:8      | 8353 ||| Stepping randomly (stuck).
  8354 | D:8      | 8354 ||| Stepping randomly (stuck).
  8355 | D:8      | 8355 ||| Stepping randomly (stuck).
  8356 | D:8      | 8356 ||| Stepping randomly (stuck).
  8357 | D:8      | 8357 ||| Stepping randomly (stuck).
  8358 | D:8      | 8358 ||| Stepping randomly (stuck).
  8359 | D:8      | 8359 ||| Stepping randomly (stuck).
  8360 | D:8      | 8360 ||| Stepping randomly (stuck).
  8362 | D:8      | 8362 ||| Stepping randomly (stuck).
  8363 | D:8      | 8363 ||| Stepping randomly (stuck).
  8364 | D:8      | 8364 ||| Stepping randomly (stuck).
  8365 | D:8      | 8365 ||| Stepping randomly (stuck).
  8367 | D:8      | 8367 ||| Stepping randomly (stuck).
  8368 | D:8      | 8368 ||| Stepping randomly (stuck).
  8369 | D:8      | 8369 ||| Stepping randomly (stuck).
  8370 | D:8      | 8370 ||| Stepping randomly (stuck).
  8371 | D:8      | 8371 ||| Stepping randomly (stuck).
  8372 | D:8      | 8372 ||| Stepping randomly (stuck).
  8373 | D:8      | 8373 ||| Stepping randomly (stuck).
  8374 | D:8      | 8374 ||| Stepping randomly (stuck).
  8375 | D:8      | 8375 ||| Stepping randomly (stuck).
  8377 | D:8      | 8377 ||| Stepping randomly (stuck).
  8379 | D:8      | 8379 ||| Stepping randomly (stuck).
  8380 | D:8      | 8380 ||| Stepping randomly (stuck).
  8381 | D:8      | 8381 ||| Stepping randomly (stuck).
  8382 | D:8      | 8382 ||| Stepping randomly (stuck).
  8383 | D:8      | 8383 ||| Stepping randomly (stuck).
  8384 | D:8      | 8384 ||| Stepping randomly (stuck).
  8385 | D:8      | 8385 ||| Stepping randomly (stuck).
  8386 | D:8      | 8386 ||| Stepping randomly (stuck).
  8387 | D:8      | 8387 ||| Stepping randomly (stuck).
  8388 | D:8      | 8388 ||| Stepping randomly (stuck).
  8390 | D:8      | 8390 ||| Stepping randomly (stuck).
  8391 | D:8      | 8391 ||| Stepping randomly (stuck).
  8392 | D:8      | 8392 ||| Stepping randomly (stuck).
  8393 | D:8      | 8393 ||| Stepping randomly (stuck).
  8394 | D:8      | 8394 ||| Stepping randomly (stuck).
  8395 | D:8      | 8395 ||| Stepping randomly (stuck).
  8396 | D:8      | 8396 ||| Stepping randomly (stuck).
  8397 | D:8      | 8397 ||| Stepping randomly (stuck).
  8398 | D:8      | 8398 ||| Stepping randomly (stuck).
  8399 | D:8      | 8399 ||| Stepping randomly (stuck).
  8400 | D:8      | 8400 ||| Stepping randomly (stuck).
  8401 | D:8      | 8401 ||| Stepping randomly (stuck).
  8402 | D:8      | 8402 ||| Stepping randomly (stuck).
  8404 | D:8      | 8404 ||| Stepping randomly (stuck).
  8406 | D:8      | 8406 ||| Stepping randomly (stuck).
  8407 | D:8      | 8407 ||| Stepping randomly (stuck).
  8408 | D:8      | 8408 ||| Stepping randomly (stuck).
  8409 | D:8      | 8409 ||| Stepping randomly (stuck).
  8410 | D:8      | 8410 ||| Stepping randomly (stuck).
  8411 | D:8      | 8411 ||| Stepping randomly (stuck).
  8412 | D:8      | 8412 ||| Stepping randomly (stuck).
  8413 | D:8      | 8413 ||| Stepping randomly (stuck).
  8414 | D:8      | 8414 ||| Stepping randomly (stuck).
  8415 | D:8      | 8415 ||| Stepping randomly (stuck).
  8416 | D:8      | 8416 ||| Stepping randomly (stuck).
  8417 | D:8      | 8417 ||| Stepping randomly (stuck).
  8418 | D:8      | 8418 ||| Stepping randomly (stuck).
  8419 | D:8      | 8419 ||| Stepping randomly (stuck).
  8420 | D:8      | 8420 ||| Stepping randomly (stuck).
  8421 | D:8      | 8421 ||| Stepping randomly (stuck).
  8422 | D:8      | 8422 ||| Stepping randomly (stuck).
  8423 | D:8      | 8423 ||| Stepping randomly (stuck).
  8425 | D:8      | 8425 ||| Stepping randomly (stuck).
  8426 | D:8      | 8426 ||| Stepping randomly (stuck).
  8427 | D:8      | 8427 ||| Stepping randomly (stuck).
  8428 | D:8      | 8428 ||| Stepping randomly (stuck).
  8430 | D:8      | 8430 ||| Stepping randomly (stuck).
  8431 | D:8      | 8431 ||| Stepping randomly (stuck).
  8432 | D:8      | 8432 ||| Stepping randomly (stuck).
  8434 | D:8      | 8434 ||| Stepping randomly (stuck).
  8436 | D:8      | 8436 ||| Stepping randomly (stuck).
  8437 | D:8      | 8437 ||| Stepping randomly (stuck).
  8438 | D:8      | 8438 ||| Stepping randomly (stuck).
  8439 | D:8      | 8439 ||| Stepping randomly (stuck).
  8441 | D:8      | 8441 ||| Stepping randomly (stuck).
  8442 | D:8      | 8442 ||| Stepping randomly (stuck).
  8443 | D:8      | 8443 ||| Stepping randomly (stuck).
  8445 | D:8      | 8445 ||| Stepping randomly (stuck).
  8446 | D:8      | 8446 ||| Stepping randomly (stuck).
  8447 | D:8      | 8447 ||| Stepping randomly (stuck).
  8449 | D:8      | 8449 ||| Stepping randomly (stuck).
  8450 | D:8      | 8450 ||| Stepping randomly (stuck).
  8451 | D:8      | 8451 ||| Stepping randomly (stuck).
  8452 | D:8      | 8452 ||| Stepping randomly (stuck).
  8453 | D:8      | 8453 ||| Stepping randomly (stuck).
  8454 | D:8      | 8454 ||| Stepping randomly (stuck).
  8455 | D:8      | 8455 ||| Stepping randomly (stuck).
  8456 | D:8      | 8456 ||| Stepping randomly (stuck).
  8457 | D:8      | 8457 ||| Stepping randomly (stuck).
  8458 | D:8      | 8458 ||| Stepping randomly (stuck).
  8459 | D:8      | 8459 ||| Stepping randomly (stuck).
  8460 | D:8      | 8460 ||| Stepping randomly (stuck).
  8461 | D:8      | 8461 ||| Stepping randomly (stuck).
  8463 | D:8      | 8463 ||| Stepping randomly (stuck).
  8464 | D:8      | 8464 ||| Stepping randomly (stuck).
  8465 | D:8      | 8465 ||| Stepping randomly (stuck).
  8467 | D:8      | 8467 ||| Stepping randomly (stuck).
  8469 | D:8      | 8469 ||| Stepping randomly (stuck).
  8470 | D:8      | 8470 ||| Stepping randomly (stuck).
  8471 | D:8      | 8471 ||| Stepping randomly (stuck).
  8473 | D:8      | 8473 ||| Stepping randomly (stuck).
  8474 | D:8      | 8474 ||| Stepping randomly (stuck).
  8475 | D:8      | 8475 ||| Stepping randomly (stuck).
  8476 | D:8      | 8476 ||| Stepping randomly (stuck).
  8477 | D:8      | 8477 ||| Stepping randomly (stuck).
  8478 | D:8      | 8478 ||| Stepping randomly (stuck).
  8479 | D:8      | 8479 ||| Stepping randomly (stuck).
  8480 | D:8      | 8480 ||| Stepping randomly (stuck).
  8481 | D:8      | 8481 ||| Stepping randomly (stuck).
  8482 | D:8      | 8482 ||| Stepping randomly (stuck).
  8483 | D:8      | 8483 ||| Stepping randomly (stuck).
  8484 | D:8      | 8484 ||| Stepping randomly (stuck).
  8485 | D:8      | 8485 ||| Stepping randomly (stuck).
  8486 | D:8      | 8486 ||| Stepping randomly (stuck).
  8487 | D:8      | 8487 ||| Stepping randomly (stuck).
  8488 | D:8      | 8488 ||| Stepping randomly (stuck).
  8489 | D:8      | 8489 ||| Stepping randomly (stuck).
  8490 | D:8      | 8490 ||| Stepping randomly (stuck).
  8491 | D:8      | 8491 ||| Stepping randomly (stuck).
  8492 | D:8      | 8492 ||| Stepping randomly (stuck).
  8493 | D:8      | 8493 ||| Stepping randomly (stuck).
  8494 | D:8      | 8494 ||| Stepping randomly (stuck).
  8495 | D:8      | 8495 ||| Stepping randomly (stuck).
  8496 | D:8      | 8496 ||| Stepping randomly (stuck).
  8497 | D:8      | 8497 ||| Stepping randomly (stuck).
  8498 | D:8      | 8498 ||| Stepping randomly (stuck).
  8500 | D:8      | 8500 ||| Stepping randomly (stuck).
  8501 | D:8      | 8501 ||| Stepping randomly (stuck).
  8502 | D:8      | 8502 ||| Stepping randomly (stuck).
  8503 | D:8      | 8503 ||| Stepping randomly (stuck).
  8504 | D:8      | 8504 ||| Stepping randomly (stuck).
  8506 | D:8      | 8506 ||| Stepping randomly (stuck).
  8507 | D:8      | 8507 ||| Stepping randomly (stuck).
  8508 | D:8      | 8508 ||| Stepping randomly (stuck).
  8509 | D:8      | 8509 ||| Stepping randomly (stuck).
  8510 | D:8      | 8510 ||| Stepping randomly (stuck).
  8511 | D:8      | 8511 ||| Stepping randomly (stuck).
  8513 | D:8      | 8513 ||| Stepping randomly (stuck).
  8515 | D:8      | 8515 ||| Stepping randomly (stuck).
  8516 | D:8      | 8516 ||| Stepping randomly (stuck).
  8517 | D:8      | 8517 ||| Stepping randomly (stuck).
  8518 | D:8      | 8518 ||| Stepping randomly (stuck).
  8519 | D:8      | 8519 ||| Stepping randomly (stuck).
  8521 | D:8      | 8521 ||| Stepping randomly (stuck).
  8522 | D:8      | 8522 ||| Stepping randomly (stuck).
  8523 | D:8      | 8523 ||| Stepping randomly (stuck).
  8524 | D:8      | 8524 ||| Stepping randomly (stuck).
  8525 | D:8      | 8525 ||| Stepping randomly (stuck).
  8526 | D:8      | 8526 ||| Stepping randomly (stuck).
  8527 | D:8      | 8527 ||| Stepping randomly (stuck).
  8529 | D:8      | 8529 ||| Stepping randomly (stuck).
  8531 | D:8      | 8531 ||| Stepping randomly (stuck).
  8533 | D:8      | 8533 ||| Stepping randomly (stuck).
  8534 | D:8      | 8534 ||| Stepping randomly (stuck).
  8535 | D:8      | 8535 ||| Stepping randomly (stuck).
  8536 | D:8      | 8536 ||| Stepping randomly (stuck).
  8537 | D:8      | 8537 ||| Stepping randomly (stuck).
  8538 | D:8      | 8538 ||| Stepping randomly (stuck).
  8539 | D:8      | 8539 ||| Stepping randomly (stuck).
  8540 | D:8      | 8540 ||| Stepping randomly (stuck).
  8541 | D:8      | 8541 ||| Stepping randomly (stuck).
  8543 | D:8      | 8543 ||| Stepping randomly (stuck).
  8544 | D:8      | 8544 ||| Stepping randomly (stuck).
  8545 | D:8      | 8545 ||| Stepping randomly (stuck).
  8546 | D:8      | 8546 ||| Stepping randomly (stuck).
  8547 | D:8      | 8547 ||| Stepping randomly (stuck).
  8548 | D:8      | 8548 ||| Stepping randomly (stuck).
  8549 | D:8      | 8549 ||| Stepping randomly (stuck).
  8550 | D:8      | 8550 ||| Stepping randomly (stuck).
  8551 | D:8      | 8551 ||| Stepping randomly (stuck).
  8553 | D:8      | 8553 ||| Stepping randomly (stuck).
  8554 | D:8      | 8554 ||| Stepping randomly (stuck).
  8555 | D:8      | 8555 ||| Stepping randomly (stuck).
  8556 | D:8      | 8556 ||| Stepping randomly (stuck).
  8557 | D:8      | 8557 ||| Stepping randomly (stuck).
  8558 | D:8      | 8558 ||| Stepping randomly (stuck).
  8559 | D:8      | 8559 ||| Stepping randomly (stuck).
  8560 | D:8      | 8560 ||| Stepping randomly (stuck).
  8561 | D:8      | 8561 ||| Stepping randomly (stuck).
  8562 | D:8      | 8562 ||| Stepping randomly (stuck).
  8563 | D:8      | 8563 ||| Stepping randomly (stuck).
  8565 | D:8      | 8565 ||| Stepping randomly (stuck).
  8567 | D:8      | 8567 ||| Stepping randomly (stuck).
  8569 | D:8      | 8569 ||| Stepping randomly (stuck).
  8570 | D:8      | 8570 ||| Stepping randomly (stuck).
  8571 | D:8      | 8571 ||| Stepping randomly (stuck).
  8572 | D:8      | 8572 ||| Stepping randomly (stuck).
  8574 | D:8      | 8574 ||| Stepping randomly (stuck).
  8575 | D:8      | 8575 ||| Stepping randomly (stuck).
  8576 | D:8      | 8576 ||| Stepping randomly (stuck).
  8577 | D:8      | 8577 ||| Stepping randomly (stuck).
  8579 | D:8      | 8579 ||| Stepping randomly (stuck).
  8580 | D:8      | 8580 ||| Stepping randomly (stuck).
  8581 | D:8      | 8581 ||| Stepping randomly (stuck).
  8582 | D:8      | 8582 ||| Stepping randomly (stuck).
  8583 | D:8      | 8583 ||| Stepping randomly (stuck).
  8585 | D:8      | 8585 ||| Stepping randomly (stuck).
  8586 | D:8      | 8586 ||| Stepping randomly (stuck).
  8587 | D:8      | 8587 ||| Stepping randomly (stuck).
  8589 | D:8      | 8589 ||| Stepping randomly (stuck).
  8591 | D:8      | 8591 ||| Stepping randomly (stuck).
  8592 | D:8      | 8592 ||| Stepping randomly (stuck).
  8593 | D:8      | 8593 ||| Stepping randomly (stuck).
  8595 | D:8      | 8595 ||| Stepping randomly (stuck).
  8597 | D:8      | 8597 ||| Stepping randomly (stuck).
  8598 | D:8      | 8598 ||| Stepping randomly (stuck).
  8599 | D:8      | 8599 ||| Stepping randomly (stuck).
  8600 | D:8      | 8600 ||| Stepping randomly (stuck).
  8601 | D:8      | 8601 ||| Stepping randomly (stuck).
  8602 | D:8      | 8602 ||| Stepping randomly (stuck).
  8603 | D:8      | 8603 ||| Stepping randomly (stuck).
  8604 | D:8      | 8604 ||| Stepping randomly (stuck).
  8605 | D:8      | 8605 ||| Stepping randomly (stuck).
  8606 | D:8      | 8606 ||| Stepping randomly (stuck).
  8607 | D:8      | 8607 ||| Stepping randomly (stuck).
  8608 | D:8      | 8608 ||| Stepping randomly (stuck).
  8609 | D:8      | 8609 ||| Stepping randomly (stuck).
  8610 | D:8      | 8610 ||| Stepping randomly (stuck).
  8611 | D:8      | 8611 ||| Stepping randomly (stuck).
  8612 | D:8      | 8612 ||| Stepping randomly (stuck).
  8614 | D:8      | 8614 ||| Stepping randomly (stuck).
  8616 | D:8      | 8616 ||| Stepping randomly (stuck).
  8617 | D:8      | 8617 ||| Stepping randomly (stuck).
  8618 | D:8      | 8618 ||| Stepping randomly (stuck).
  8619 | D:8      | 8619 ||| Stepping randomly (stuck).
  8620 | D:8      | 8620 ||| Stepping randomly (stuck).
  8622 | D:8      | 8622 ||| Stepping randomly (stuck).
  8624 | D:8      | 8624 ||| Stepping randomly (stuck).
  8625 | D:8      | 8625 ||| Stepping randomly (stuck).
  8626 | D:8      | 8626 ||| Stepping randomly (stuck).
  8627 | D:8      | 8627 ||| Stepping randomly (stuck).
  8628 | D:8      | 8628 ||| Stepping randomly (stuck).
  8629 | D:8      | 8629 ||| Stepping randomly (stuck).
  8630 | D:8      | 8630 ||| Stepping randomly (stuck).
  8631 | D:8      | 8631 ||| Stepping randomly (stuck).
  8632 | D:8      | 8632 ||| Stepping randomly (stuck).
  8633 | D:8      | 8633 ||| Stepping randomly (stuck).
  8634 | D:8      | 8634 ||| Stepping randomly (stuck).
  8635 | D:8      | 8635 ||| Stepping randomly (stuck).
  8636 | D:8      | 8636 ||| Stepping randomly (stuck).
  8637 | D:8      | 8637 ||| Stepping randomly (stuck).
  8638 | D:8      | 8638 ||| Stepping randomly (stuck).
  8639 | D:8      | 8639 ||| Stepping randomly (stuck).
  8640 | D:8      | 8640 ||| Stepping randomly (stuck).
  8641 | D:8      | 8641 ||| Stepping randomly (stuck).
  8642 | D:8      | 8642 ||| Stepping randomly (stuck).
  8643 | D:8      | 8643 ||| Stepping randomly (stuck).
  8644 | D:8      | 8644 ||| Stepping randomly (stuck).
  8645 | D:8      | 8645 ||| Stepping randomly (stuck).
  8646 | D:8      | 8646 ||| Stepping randomly (stuck).
  8647 | D:8      | 8647 ||| Stepping randomly (stuck).
  8648 | D:8      | 8648 ||| Stepping randomly (stuck).
  8649 | D:8      | 8649 ||| Stepping randomly (stuck).
  8650 | D:8      | 8650 ||| Stepping randomly (stuck).
  8651 | D:8      | 8651 ||| Stepping randomly (stuck).
  8653 | D:8      | 8653 ||| Stepping randomly (stuck).
  8654 | D:8      | 8654 ||| Stepping randomly (stuck).
  8655 | D:8      | 8655 ||| Stepping randomly (stuck).
  8656 | D:8      | 8656 ||| Stepping randomly (stuck).
  8657 | D:8      | 8657 ||| Stepping randomly (stuck).
  8659 | D:8      | 8659 ||| Stepping randomly (stuck).
  8661 | D:8      | 8661 ||| Stepping randomly (stuck).
  8662 | D:8      | 8662 ||| Stepping randomly (stuck).
  8663 | D:8      | 8663 ||| Stepping randomly (stuck).
  8664 | D:8      | 8664 ||| Stepping randomly (stuck).
  8666 | D:8      | 8666 ||| Stepping randomly (stuck).
  8667 | D:8      | 8667 ||| Stepping randomly (stuck).
  8668 | D:8      | 8668 ||| Stepping randomly (stuck).
  8669 | D:8      | 8669 ||| Stepping randomly (stuck).
  8670 | D:8      | 8670 ||| Stepping randomly (stuck).
  8671 | D:8      | 8671 ||| Stepping randomly (stuck).
  8672 | D:8      | 8672 ||| Stepping randomly (stuck).
  8673 | D:8      | 8673 ||| Stepping randomly (stuck).
  8674 | D:8      | 8674 ||| Stepping randomly (stuck).
  8675 | D:8      | 8675 ||| Stepping randomly (stuck).
  8676 | D:8      | 8676 ||| Stepping randomly (stuck).
  8678 | D:8      | 8678 ||| Stepping randomly (stuck).
  8679 | D:8      | 8679 ||| Stepping randomly (stuck).
  8680 | D:8      | 8680 ||| Stepping randomly (stuck).
  8682 | D:8      | 8682 ||| Stepping randomly (stuck).
  8683 | D:8      | 8683 ||| Stepping randomly (stuck).
  8684 | D:8      | 8684 ||| Stepping randomly (stuck).
  8685 | D:8      | 8685 ||| Stepping randomly (stuck).
  8686 | D:8      | 8686 ||| Stepping randomly (stuck).
  8687 | D:8      | 8687 ||| Stepping randomly (stuck).
  8689 | D:8      | 8689 ||| Stepping randomly (stuck).
  8691 | D:8      | 8691 ||| Stepping randomly (stuck).
  8693 | D:8      | 8693 ||| Stepping randomly (stuck).
  8695 | D:8      | 8695 ||| Stepping randomly (stuck).
  8696 | D:8      | 8696 ||| Stepping randomly (stuck).
  8697 | D:8      | 8697 ||| Stepping randomly (stuck).
  8698 | D:8      | 8698 ||| Stepping randomly (stuck).
  8700 | D:8      | 8700 ||| Stepping randomly (stuck).
  8701 | D:8      | 8701 ||| Stepping randomly (stuck).
  8702 | D:8      | 8702 ||| Stepping randomly (stuck).
  8703 | D:8      | 8703 ||| Stepping randomly (stuck).
  8704 | D:8      | 8704 ||| Stepping randomly (stuck).
  8705 | D:8      | 8705 ||| Stepping randomly (stuck).
  8706 | D:8      | 8706 ||| Stepping randomly (stuck).
  8707 | D:8      | 8707 ||| Stepping randomly (stuck).
  8708 | D:8      | 8708 ||| Stepping randomly (stuck).
  8709 | D:8      | 8709 ||| Stepping randomly (stuck).
  8711 | D:8      | 8711 ||| Stepping randomly (stuck).
  8713 | D:8      | 8713 ||| Stepping randomly (stuck).
  8714 | D:8      | 8714 ||| Stepping randomly (stuck).
  8715 | D:8      | 8715 ||| Stepping randomly (stuck).
  8716 | D:8      | 8716 ||| Stepping randomly (stuck).
  8717 | D:8      | 8717 ||| Stepping randomly (stuck).
  8718 | D:8      | 8718 ||| Stepping randomly (stuck).
  8719 | D:8      | 8719 ||| Stepping randomly (stuck).
  8720 | D:8      | 8720 ||| Stepping randomly (stuck).
  8721 | D:8      | 8721 ||| Stepping randomly (stuck).
  8722 | D:8      | 8722 ||| Stepping randomly (stuck).
  8723 | D:8      | 8723 ||| Stepping randomly (stuck).
  8725 | D:8      | 8725 ||| Stepping randomly (stuck).
  8727 | D:8      | 8727 ||| Stepping randomly (stuck).
  8728 | D:8      | 8728 ||| Stepping randomly (stuck).
  8729 | D:8      | 8729 ||| Stepping randomly (stuck).
  8730 | D:8      | 8730 ||| Stepping randomly (stuck).
  8731 | D:8      | 8731 ||| Stepping randomly (stuck).
  8733 | D:8      | 8733 ||| Stepping randomly (stuck).
  8735 | D:8      | 8735 ||| Stepping randomly (stuck).
  8736 | D:8      | 8736 ||| Stepping randomly (stuck).
  8737 | D:8      | 8737 ||| Stepping randomly (stuck).
  8739 | D:8      | 8739 ||| Stepping randomly (stuck).
  8740 | D:8      | 8740 ||| Stepping randomly (stuck).
  8741 | D:8      | 8741 ||| Stepping randomly (stuck).
  8742 | D:8      | 8742 ||| Stepping randomly (stuck).
  8743 | D:8      | 8743 ||| Stepping randomly (stuck).
  8744 | D:8      | 8744 ||| Stepping randomly (stuck).
  8745 | D:8      | 8745 ||| Stepping randomly (stuck).
  8746 | D:8      | 8746 ||| Stepping randomly (stuck).
  8748 | D:8      | 8748 ||| Stepping randomly (stuck).
  8749 | D:8      | 8749 ||| Stepping randomly (stuck).
  8750 | D:8      | 8750 ||| Stepping randomly (stuck).
  8751 | D:8      | 8751 ||| Stepping randomly (stuck).
  8752 | D:8      | 8752 ||| Stepping randomly (stuck).
  8753 | D:8      | 8753 ||| Stepping randomly (stuck).
  8754 | D:8      | 8754 ||| Stepping randomly (stuck).
  8755 | D:8      | 8755 ||| Stepping randomly (stuck).
  8756 | D:8      | 8756 ||| Stepping randomly (stuck).
  8757 | D:8      | 8757 ||| Stepping randomly (stuck).
  8758 | D:8      | 8758 ||| Stepping randomly (stuck).
  8759 | D:8      | 8759 ||| Stepping randomly (stuck).
  8760 | D:8      | 8760 ||| Stepping randomly (stuck).
  8761 | D:8      | 8761 ||| Stepping randomly (stuck).
  8763 | D:8      | 8763 ||| Stepping randomly (stuck).
  8765 | D:8      | 8765 ||| Stepping randomly (stuck).
  8766 | D:8      | 8766 ||| Stepping randomly (stuck).
  8767 | D:8      | 8767 ||| Stepping randomly (stuck).
  8768 | D:8      | 8768 ||| Stepping randomly (stuck).
  8769 | D:8      | 8769 ||| Stepping randomly (stuck).
  8770 | D:8      | 8770 ||| Stepping randomly (stuck).
  8771 | D:8      | 8771 ||| Stepping randomly (stuck).
  8772 | D:8      | 8772 ||| Stepping randomly (stuck).
  8773 | D:8      | 8773 ||| Stepping randomly (stuck).
  8774 | D:8      | 8774 ||| Stepping randomly (stuck).
  8775 | D:8      | 8775 ||| Stepping randomly (stuck).
  8776 | D:8      | 8776 ||| Stepping randomly (stuck).
  8777 | D:8      | 8777 ||| Stepping randomly (stuck).
  8778 | D:8      | 8778 ||| Stepping randomly (stuck).
  8779 | D:8      | 8779 ||| Stepping randomly (stuck).
  8781 | D:8      | 8781 ||| Stepping randomly (stuck).
  8783 | D:8      | 8783 ||| Stepping randomly (stuck).
  8784 | D:8      | 8784 ||| Stepping randomly (stuck).
  8785 | D:8      | 8785 ||| Stepping randomly (stuck).
  8786 | D:8      | 8786 ||| Stepping randomly (stuck).
  8787 | D:8      | 8787 ||| Stepping randomly (stuck).
  8789 | D:8      | 8789 ||| Stepping randomly (stuck).
  8790 | D:8      | 8790 ||| Stepping randomly (stuck).
  8791 | D:8      | 8791 ||| Stepping randomly (stuck).
  8792 | D:8      | 8792 ||| Stepping randomly (stuck).
  8794 | D:8      | 8794 ||| Stepping randomly (stuck).
  8795 | D:8      | 8795 ||| Stepping randomly (stuck).
  8796 | D:8      | 8796 ||| Stepping randomly (stuck).
  8797 | D:8      | 8797 ||| Stepping randomly (stuck).
  8798 | D:8      | 8798 ||| Stepping randomly (stuck).
  8799 | D:8      | 8799 ||| Stepping randomly (stuck).
  8800 | D:8      | 8800 ||| Stepping randomly (stuck).
  8802 | D:8      | 8802 ||| Stepping randomly (stuck).
  8804 | D:8      | 8804 ||| Stepping randomly (stuck).
  8805 | D:8      | 8805 ||| Stepping randomly (stuck).
  8806 | D:8      | 8806 ||| Stepping randomly (stuck).
  8807 | D:8      | 8807 ||| Stepping randomly (stuck).
  8808 | D:8      | 8808 ||| Stepping randomly (stuck).
  8810 | D:8      | 8810 ||| Stepping randomly (stuck).
  8811 | D:8      | 8811 ||| Stepping randomly (stuck).
  8812 | D:8      | 8812 ||| Stepping randomly (stuck).
  8813 | D:8      | 8813 ||| Stepping randomly (stuck).
  8814 | D:8      | 8814 ||| Stepping randomly (stuck).
  8815 | D:8      | 8815 ||| Stepping randomly (stuck).
  8816 | D:8      | 8816 ||| Stepping randomly (stuck).
  8817 | D:8      | 8817 ||| Stepping randomly (stuck).
  8818 | D:8      | 8818 ||| Stepping randomly (stuck).
  8819 | D:8      | 8819 ||| Stepping randomly (stuck).
  8821 | D:8      | 8821 ||| Stepping randomly (stuck).
  8822 | D:8      | 8822 ||| Stepping randomly (stuck).
  8823 | D:8      | 8823 ||| Stepping randomly (stuck).
  8824 | D:8      | 8824 ||| Stepping randomly (stuck).
  8825 | D:8      | 8825 ||| Stepping randomly (stuck).
  8826 | D:8      | 8826 ||| Stepping randomly (stuck).
  8827 | D:8      | 8827 ||| Stepping randomly (stuck).
  8828 | D:8      | 8828 ||| Stepping randomly (stuck).
  8829 | D:8      | 8829 ||| Stepping randomly (stuck).
  8830 | D:8      | 8830 ||| Stepping randomly (stuck).
  8832 | D:8      | 8832 ||| Stepping randomly (stuck).
  8834 | D:8      | 8834 ||| Stepping randomly (stuck).
  8836 | D:8      | 8836 ||| Stepping randomly (stuck).
  8837 | D:8      | 8837 ||| Stepping randomly (stuck).
  8838 | D:8      | 8838 ||| Stepping randomly (stuck).
  8840 | D:8      | 8840 ||| Stepping randomly (stuck).
  8841 | D:8      | 8841 ||| Stepping randomly (stuck).
  8842 | D:8      | 8842 ||| Stepping randomly (stuck).
  8843 | D:8      | 8843 ||| Stepping randomly (stuck).
  8844 | D:8      | 8844 ||| Stepping randomly (stuck).
  8845 | D:8      | 8845 ||| Stepping randomly (stuck).
  8846 | D:8      | 8846 ||| Stepping randomly (stuck).
  8847 | D:8      | 8847 ||| Stepping randomly (stuck).
  8848 | D:8      | 8848 ||| Stepping randomly (stuck).
  8849 | D:8      | 8849 ||| Stepping randomly (stuck).
  8851 | D:8      | 8851 ||| Stepping randomly (stuck).
  8853 | D:8      | 8853 ||| Stepping randomly (stuck).
  8855 | D:8      | 8855 ||| Stepping randomly (stuck).
  8856 | D:8      | 8856 ||| Stepping randomly (stuck).
  8857 | D:8      | 8857 ||| Stepping randomly (stuck).
  8858 | D:8      | 8858 ||| Stepping randomly (stuck).
  8859 | D:8      | 8859 ||| Stepping randomly (stuck).
  8860 | D:8      | 8860 ||| Stepping randomly (stuck).
  8861 | D:8      | 8861 ||| Stepping randomly (stuck).
  8863 | D:8      | 8863 ||| Stepping randomly (stuck).
  8864 | D:8      | 8864 ||| Stepping randomly (stuck).
  8865 | D:8      | 8865 ||| Stepping randomly (stuck).
  8866 | D:8      | 8866 ||| Stepping randomly (stuck).
  8867 | D:8      | 8867 ||| Stepping randomly (stuck).
  8868 | D:8      | 8868 ||| Stepping randomly (stuck).
  8869 | D:8      | 8869 ||| Stepping randomly (stuck).
  8870 | D:8      | 8870 ||| Stepping randomly (stuck).
  8871 | D:8      | 8871 ||| Stepping randomly (stuck).
  8872 | D:8      | 8872 ||| Stepping randomly (stuck).
  8873 | D:8      | 8873 ||| Stepping randomly (stuck).
  8874 | D:8      | 8874 ||| Stepping randomly (stuck).
  8875 | D:8      | 8875 ||| Stepping randomly (stuck).
  8876 | D:8      | 8876 ||| Stepping randomly (stuck).
  8878 | D:8      | 8878 ||| Stepping randomly (stuck).
  8879 | D:8      | 8879 ||| Stepping randomly (stuck).
  8880 | D:8      | 8880 ||| Stepping randomly (stuck).
  8881 | D:8      | 8881 ||| Stepping randomly (stuck).
  8882 | D:8      | 8882 ||| Stepping randomly (stuck).
  8883 | D:8      | 8883 ||| Stepping randomly (stuck).
  8884 | D:8      | 8884 ||| Stepping randomly (stuck).
  8885 | D:8      | 8885 ||| Stepping randomly (stuck).
  8886 | D:8      | 8886 ||| Stepping randomly (stuck).
  8887 | D:8      | 8887 ||| Stepping randomly (stuck).
  8888 | D:8      | 8888 ||| Stepping randomly (stuck).
  8889 | D:8      | 8889 ||| Stepping randomly (stuck).
  8890 | D:8      | 8890 ||| Stepping randomly (stuck).
  8892 | D:8      | 8892 ||| Stepping randomly (stuck).
  8893 | D:8      | 8893 ||| Stepping randomly (stuck).
  8894 | D:8      | 8894 ||| Stepping randomly (stuck).
  8895 | D:8      | 8895 ||| Stepping randomly (stuck).
  8896 | D:8      | 8896 ||| Stepping randomly (stuck).
  8898 | D:8      | 8898 ||| Stepping randomly (stuck).
  8899 | D:8      | 8899 ||| Stepping randomly (stuck).
  8900 | D:8      | 8900 ||| Stepping randomly (stuck).
  8901 | D:8      | 8901 ||| Stepping randomly (stuck).
  8902 | D:8      | 8902 ||| Stepping randomly (stuck).
  8903 | D:8      | 8903 ||| Stepping randomly (stuck).
  8904 | D:8      | 8904 ||| Stepping randomly (stuck).
  8905 | D:8      | 8905 ||| Stepping randomly (stuck).
  8907 | D:8      | 8907 ||| Stepping randomly (stuck).
  8908 | D:8      | 8908 ||| Stepping randomly (stuck).
  8909 | D:8      | 8909 ||| Stepping randomly (stuck).
  8910 | D:8      | 8910 ||| Stepping randomly (stuck).
  8911 | D:8      | 8911 ||| Stepping randomly (stuck).
  8913 | D:8      | 8913 ||| Stepping randomly (stuck).
  8915 | D:8      | 8915 ||| Stepping randomly (stuck).
  8917 | D:8      | 8917 ||| Stepping randomly (stuck).
  8919 | D:8      | 8919 ||| Stepping randomly (stuck).
  8921 | D:8      | 8921 ||| Stepping randomly (stuck).
  8922 | D:8      | 8922 ||| Stepping randomly (stuck).
  8923 | D:8      | 8923 ||| Stepping randomly (stuck).
  8924 | D:8      | 8924 ||| Stepping randomly (stuck).
  8926 | D:8      | 8926 ||| Stepping randomly (stuck).
  8928 | D:8      | 8928 ||| Stepping randomly (stuck).
  8930 | D:8      | 8930 ||| Stepping randomly (stuck).
  8931 | D:8      | 8931 ||| Stepping randomly (stuck).
  8932 | D:8      | 8932 ||| Stepping randomly (stuck).
  8933 | D:8      | 8933 ||| Stepping randomly (stuck).
  8934 | D:8      | 8934 ||| Stepping randomly (stuck).
  8935 | D:8      | 8935 ||| Stepping randomly (stuck).
  8936 | D:8      | 8936 ||| Stepping randomly (stuck).
  8937 | D:8      | 8937 ||| Stepping randomly (stuck).
  8938 | D:8      | 8938 ||| Stepping randomly (stuck).
  8939 | D:8      | 8939 ||| Stepping randomly (stuck).
  8940 | D:8      | 8940 ||| Stepping randomly (stuck).
  8941 | D:8      | 8941 ||| Stepping randomly (stuck).
  8942 | D:8      | 8942 ||| Stepping randomly (stuck).
  8943 | D:8      | 8943 ||| Stepping randomly (stuck).
  8944 | D:8      | 8944 ||| Stepping randomly (stuck).
  8945 | D:8      | 8945 ||| Stepping randomly (stuck).
  8946 | D:8      | 8946 ||| Stepping randomly (stuck).
  8947 | D:8      | 8947 ||| Stepping randomly (stuck).
  8948 | D:8      | 8948 ||| Stepping randomly (stuck).
  8950 | D:8      | 8950 ||| Stepping randomly (stuck).
  8951 | D:8      | 8951 ||| Stepping randomly (stuck).
  8952 | D:8      | 8952 ||| Stepping randomly (stuck).
  8953 | D:8      | 8953 ||| Stepping randomly (stuck).
  8954 | D:8      | 8954 ||| Stepping randomly (stuck).
  8955 | D:8      | 8955 ||| Stepping randomly (stuck).
  8956 | D:8      | 8956 ||| Stepping randomly (stuck).
  8957 | D:8      | 8957 ||| Stepping randomly (stuck).
  8959 | D:8      | 8959 ||| Stepping randomly (stuck).
  8960 | D:8      | 8960 ||| Stepping randomly (stuck).
  8961 | D:8      | 8961 ||| Stepping randomly (stuck).
  8963 | D:8      | 8963 ||| Stepping randomly (stuck).
  8964 | D:8      | 8964 ||| Stepping randomly (stuck).
  8965 | D:8      | 8965 ||| Stepping randomly (stuck).
  8966 | D:8      | 8966 ||| Stepping randomly (stuck).
  8967 | D:8      | 8967 ||| Stepping randomly (stuck).
  8968 | D:8      | 8968 ||| Stepping randomly (stuck).
  8969 | D:8      | 8969 ||| Stepping randomly (stuck).
  8970 | D:8      | 8970 ||| Stepping randomly (stuck).
  8971 | D:8      | 8971 ||| Stepping randomly (stuck).
  8972 | D:8      | 8972 ||| Stepping randomly (stuck).
  8973 | D:8      | 8973 ||| Stepping randomly (stuck).
  8974 | D:8      | 8974 ||| Stepping randomly (stuck).
  8975 | D:8      | 8975 ||| Stepping randomly (stuck).
  8976 | D:8      | 8976 ||| Stepping randomly (stuck).
  8977 | D:8      | 8977 ||| Stepping randomly (stuck).
  8978 | D:8      | 8978 ||| Stepping randomly (stuck).
  8979 | D:8      | 8979 ||| Stepping randomly (stuck).
  8980 | D:8      | 8980 ||| Stepping randomly (stuck).
  8982 | D:8      | 8982 ||| Stepping randomly (stuck).
  8983 | D:8      | 8983 ||| Stepping randomly (stuck).
  8984 | D:8      | 8984 ||| Stepping randomly (stuck).
  8985 | D:8      | 8985 ||| Stepping randomly (stuck).
  8986 | D:8      | 8986 ||| Stepping randomly (stuck).
  8988 | D:8      | 8988 ||| Stepping randomly (stuck).
  8989 | D:8      | 8989 ||| Stepping randomly (stuck).
  8990 | D:8      | 8990 ||| Stepping randomly (stuck).
  8992 | D:8      | 8992 ||| Stepping randomly (stuck).
  8993 | D:8      | 8993 ||| Stepping randomly (stuck).
  8994 | D:8      | 8994 ||| Stepping randomly (stuck).
  8996 | D:8      | 8996 ||| Stepping randomly (stuck).
  8997 | D:8      | 8997 ||| Stepping randomly (stuck).
  8998 | D:8      | 8998 ||| Stepping randomly (stuck).
  8999 | D:8      | 8999 ||| Stepping randomly (stuck).
  9000 | D:8      | 9000 ||| Stepping randomly (stuck).
  9001 | D:8      | 9001 ||| Stepping randomly (stuck).
  9002 | D:8      | 9002 ||| Stepping randomly (stuck).
  9003 | D:8      | 9003 ||| Stepping randomly (stuck).
  9005 | D:8      | 9005 ||| Stepping randomly (stuck).
  9006 | D:8      | 9006 ||| Stepping randomly (stuck).
  9007 | D:8      | 9007 ||| Stepping randomly (stuck).
  9008 | D:8      | 9008 ||| Stepping randomly (stuck).
  9010 | D:8      | 9010 ||| Stepping randomly (stuck).
  9011 | D:8      | 9011 ||| Stepping randomly (stuck).
  9012 | D:8      | 9012 ||| Stepping randomly (stuck).
  9014 | D:8      | 9014 ||| Stepping randomly (stuck).
  9015 | D:8      | 9015 ||| Stepping randomly (stuck).
  9016 | D:8      | 9016 ||| Stepping randomly (stuck).
  9017 | D:8      | 9017 ||| Stepping randomly (stuck).
  9018 | D:8      | 9018 ||| Stepping randomly (stuck).
  9019 | D:8      | 9019 ||| Stepping randomly (stuck).
  9020 | D:8      | 9020 ||| Stepping randomly (stuck).
  9021 | D:8      | 9021 ||| Stepping randomly (stuck).
  9022 | D:8      | 9022 ||| Stepping randomly (stuck).
  9023 | D:8      | 9023 ||| Stepping randomly (stuck).
  9024 | D:8      | 9024 ||| Stepping randomly (stuck).
  9025 | D:8      | 9025 ||| Stepping randomly (stuck).
  9026 | D:8      | 9026 ||| Stepping randomly (stuck).
  9027 | D:8      | 9027 ||| Stepping randomly (stuck).
  9029 | D:8      | 9029 ||| Stepping randomly (stuck).
  9030 | D:8      | 9030 ||| Stepping randomly (stuck).
  9031 | D:8      | 9031 ||| Stepping randomly (stuck).
  9032 | D:8      | 9032 ||| Stepping randomly (stuck).
  9034 | D:8      | 9034 ||| Stepping randomly (stuck).
  9036 | D:8      | 9036 ||| Stepping randomly (stuck).
  9038 | D:8      | 9038 ||| Stepping randomly (stuck).
  9039 | D:8      | 9039 ||| Stepping randomly (stuck).
  9040 | D:8      | 9040 ||| Stepping randomly (stuck).
  9041 | D:8      | 9041 ||| Stepping randomly (stuck).
  9042 | D:8      | 9042 ||| Stepping randomly (stuck).
  9043 | D:8      | 9043 ||| Stepping randomly (stuck).
  9044 | D:8      | 9044 ||| Stepping randomly (stuck).
  9045 | D:8      | 9045 ||| Stepping randomly (stuck).
  9046 | D:8      | 9046 ||| Stepping randomly (stuck).
  9048 | D:8      | 9048 ||| Stepping randomly (stuck).
  9050 | D:8      | 9050 ||| Stepping randomly (stuck).
  9051 | D:8      | 9051 ||| Stepping randomly (stuck).
  9052 | D:8      | 9052 ||| Stepping randomly (stuck).
  9053 | D:8      | 9053 ||| Stepping randomly (stuck).
  9054 | D:8      | 9054 ||| Stepping randomly (stuck).
  9056 | D:8      | 9056 ||| Stepping randomly (stuck).
  9057 | D:8      | 9057 ||| Stepping randomly (stuck).
  9058 | D:8      | 9058 ||| Stepping randomly (stuck).
  9059 | D:8      | 9059 ||| Stepping randomly (stuck).
  9060 | D:8      | 9060 ||| Stepping randomly (stuck).
  9062 | D:8      | 9062 ||| Stepping randomly (stuck).
  9063 | D:8      | 9063 ||| Stepping randomly (stuck).
  9064 | D:8      | 9064 ||| Stepping randomly (stuck).
  9065 | D:8      | 9065 ||| Stepping randomly (stuck).
  9066 | D:8      | 9066 ||| Stepping randomly (stuck).
  9067 | D:8      | 9067 ||| Stepping randomly (stuck).
  9068 | D:8      | 9068 ||| Stepping randomly (stuck).
  9069 | D:8      | 9069 ||| Stepping randomly (stuck).
  9071 | D:8      | 9071 ||| Stepping randomly (stuck).
  9075 | D:8      | 9075 ||| Stepping randomly (stuck).
  9076 | D:8      | 9076 ||| Stepping randomly (stuck).
  9077 | D:8      | 9077 ||| Stepping randomly (stuck).
  9078 | D:8      | 9078 ||| Stepping randomly (stuck).
  9079 | D:8      | 9079 ||| Stepping randomly (stuck).
  9081 | D:8      | 9081 ||| Stepping randomly (stuck).
  9082 | D:8      | 9082 ||| Stepping randomly (stuck).
  9083 | D:8      | 9083 ||| Stepping randomly (stuck).
  9084 | D:8      | 9084 ||| Stepping randomly (stuck).
  9085 | D:8      | 9085 ||| Stepping randomly (stuck).
  9086 | D:8      | 9086 ||| Stepping randomly (stuck).
  9087 | D:8      | 9087 ||| Stepping randomly (stuck).
  9089 | D:8      | 9089 ||| Stepping randomly (stuck).
  9090 | D:8      | 9090 ||| Stepping randomly (stuck).
  9091 | D:8      | 9091 ||| Stepping randomly (stuck).
  9092 | D:8      | 9092 ||| Stepping randomly (stuck).
  9093 | D:8      | 9093 ||| Stepping randomly (stuck).
  9094 | D:8      | 9094 ||| Stepping randomly (stuck).
  9095 | D:8      | 9095 ||| Stepping randomly (stuck).
  9096 | D:8      | 9096 ||| Stepping randomly (stuck).
  9097 | D:8      | 9097 ||| Stepping randomly (stuck).
  9098 | D:8      | 9098 ||| Stepping randomly (stuck).
  9099 | D:8      | 9099 ||| Stepping randomly (stuck).
  9100 | D:8      | 9100 ||| Stepping randomly (stuck).
  9101 | D:8      | 9101 ||| Stepping randomly (stuck).
  9102 | D:8      | 9102 ||| Stepping randomly (stuck).
  9103 | D:8      | 9103 ||| Stepping randomly (stuck).
  9104 | D:8      | 9104 ||| Stepping randomly (stuck).
  9105 | D:8      | 9105 ||| Stepping randomly (stuck).
  9106 | D:8      | 9106 ||| Stepping randomly (stuck).
  9107 | D:8      | 9107 ||| Stepping randomly (stuck).
  9108 | D:8      | 9108 ||| Stepping randomly (stuck).
  9109 | D:8      | 9109 ||| Stepping randomly (stuck).
  9110 | D:8      | 9110 ||| Stepping randomly (stuck).
  9112 | D:8      | 9112 ||| Stepping randomly (stuck).
  9113 | D:8      | 9113 ||| Stepping randomly (stuck).
  9114 | D:8      | 9114 ||| Stepping randomly (stuck).
  9115 | D:8      | 9115 ||| Stepping randomly (stuck).
  9116 | D:8      | 9116 ||| Stepping randomly (stuck).
  9117 | D:8      | 9117 ||| Stepping randomly (stuck).
  9118 | D:8      | 9118 ||| Stepping randomly (stuck).
  9119 | D:8      | 9119 ||| Stepping randomly (stuck).
  9120 | D:8      | 9120 ||| Stepping randomly (stuck).
  9122 | D:8      | 9122 ||| Stepping randomly (stuck).
  9123 | D:8      | 9123 ||| Stepping randomly (stuck).
  9124 | D:8      | 9124 ||| Stepping randomly (stuck).
  9125 | D:8      | 9125 ||| Stepping randomly (stuck).
  9126 | D:8      | 9126 ||| Stepping randomly (stuck).
  9127 | D:8      | 9127 ||| Stepping randomly (stuck).
  9128 | D:8      | 9128 ||| Stepping randomly (stuck).
  9129 | D:8      | 9129 ||| Stepping randomly (stuck).
  9130 | D:8      | 9130 ||| Stepping randomly (stuck).
  9131 | D:8      | 9131 ||| Stepping randomly (stuck).
  9132 | D:8      | 9132 ||| Stepping randomly (stuck).
  9133 | D:8      | 9133 ||| Stepping randomly (stuck).
  9134 | D:8      | 9134 ||| Stepping randomly (stuck).
  9136 | D:8      | 9136 ||| Stepping randomly (stuck).
  9137 | D:8      | 9137 ||| Stepping randomly (stuck).
  9138 | D:8      | 9138 ||| Stepping randomly (stuck).
  9139 | D:8      | 9139 ||| Stepping randomly (stuck).
  9140 | D:8      | 9140 ||| Stepping randomly (stuck).
  9141 | D:8      | 9141 ||| Stepping randomly (stuck).
  9142 | D:8      | 9142 ||| Stepping randomly (stuck).
  9143 | D:8      | 9143 ||| Stepping randomly (stuck).
  9144 | D:8      | 9144 ||| Stepping randomly (stuck).
  9145 | D:8      | 9145 ||| Stepping randomly (stuck).
  9146 | D:8      | 9146 ||| Stepping randomly (stuck).
  9147 | D:8      | 9147 ||| Stepping randomly (stuck).
  9148 | D:8      | 9148 ||| Stepping randomly (stuck).
  9149 | D:8      | 9149 ||| Stepping randomly (stuck).
  9150 | D:8      | 9150 ||| Stepping randomly (stuck).
  9151 | D:8      | 9151 ||| Stepping randomly (stuck).
  9152 | D:8      | 9152 ||| Stepping randomly (stuck).
  9153 | D:8      | 9153 ||| Stepping randomly (stuck).
  9154 | D:8      | 9154 ||| Stepping randomly (stuck).
  9155 | D:8      | 9155 ||| Stepping randomly (stuck).
  9156 | D:8      | 9156 ||| Stepping randomly (stuck).
  9157 | D:8      | 9157 ||| Stepping randomly (stuck).
  9158 | D:8      | 9158 ||| Stepping randomly (stuck).
  9159 | D:8      | 9159 ||| Stepping randomly (stuck).
  9160 | D:8      | 9160 ||| Stepping randomly (stuck).
  9161 | D:8      | 9161 ||| Stepping randomly (stuck).
  9162 | D:8      | 9162 ||| Stepping randomly (stuck).
  9163 | D:8      | 9163 ||| Stepping randomly (stuck).
  9164 | D:8      | 9164 ||| Stepping randomly (stuck).
  9166 | D:8      | 9166 ||| Stepping randomly (stuck).
  9168 | D:8      | 9168 ||| Stepping randomly (stuck).
  9170 | D:8      | 9170 ||| Stepping randomly (stuck).
  9172 | D:8      | 9172 ||| Stepping randomly (stuck).
  9173 | D:8      | 9173 ||| Stepping randomly (stuck).
  9174 | D:8      | 9174 ||| Stepping randomly (stuck).
  9175 | D:8      | 9175 ||| Stepping randomly (stuck).
  9176 | D:8      | 9176 ||| Stepping randomly (stuck).
  9177 | D:8      | 9177 ||| Stepping randomly (stuck).
  9179 | D:8      | 9179 ||| Stepping randomly (stuck).
  9180 | D:8      | 9180 ||| Stepping randomly (stuck).
  9181 | D:8      | 9181 ||| Stepping randomly (stuck).
  9183 | D:8      | 9183 ||| Stepping randomly (stuck).
  9185 | D:8      | 9185 ||| Stepping randomly (stuck).
  9187 | D:8      | 9187 ||| Stepping randomly (stuck).
  9189 | D:8      | 9189 ||| Stepping randomly (stuck).
  9190 | D:8      | 9190 ||| Stepping randomly (stuck).
  9191 | D:8      | Quit the game

Levels and vault maps discovered:
D:1:      lightli_arrival_windingriver, layout_rooms,
          shapermc_ecumenical_altar_pompeii
D:2:      layout_loops_ring, basic_altar
D:3:      layout_loops_corners
D:4:      nicolae_cairo_tiling_large, layout_rooms,
          mainiacjoe_overflow_cross_hatched, zin_scriptorium
D:5:      layout_basic
D:6:      layout_basic, nicolae_uskayaw_dance_hall, minmay_misc_feat_diagonals
D:7:      gammafunk_wand_slinger, layout_loops_ring, minmay_temple_entry_waves,
          uniq_pikel
D:8:      layout_rooms, nicolae_hepliaklqana_monster_ancestors,
          lemuel_doored_altar, enter_bailey_1, minmay_puff
Temple:   nicolae_temple_cloud_nine

Skill      XL: |  1  2  3  4  5  6  7  8  9 10 |
---------------+-------------------------------+-----
Axes           | 2 3 4 5 6 7 9 10 | 10.4
Fighting       | 4 5 6 7 8 |  8.3
Dodging        | 1 2 |  2.1
Armour         | 4 5 |  5.1
Shields        | 4 8 |  8.4
Throwing       | 2 3 |  3.0

Action                   |  1- 3 |  4- 6 |  7- 9 | 10-12 || total
-------------------------+-------+-------+-------+-------++-------
Melee: War axe           |   100 |   144 |   225 |   109 ||   578
Throw: Javelin           |       |       |    12 |    20 ||    32
  Use: Scroll            |     4 |    14 |     8 |     4 ||    30
       Potion            |       |     8 |       |     4 ||    12
Armor: Scale mail        |    56 |     8 |       |       ||    64
       Chain mail        |       |    79 |   154 |    47 ||   280
Dodge: Dodged            |    52 |    35 |    66 |    33 ||   186
Block: Buckler           |    14 |    16 |    54 |     8 ||    92
       Kite shield       |       |       |       |    22 ||    22

Table legend:
 A = Non-vault XP
 B = Vault XP
 C = Vault XP percentage of total XP
 D = Non-vault monster count
 E = Vault monster count
 F = Vault count percentage of total count
                 A         B        C        D         E       F
            +---------+---------+-------+---------+---------+-------
      Total |    7548 |    1030 |  12.0 |     188 |       6 |   3.1
            +---------+---------+-------+---------+---------+-------
        D:1 |      33 |       0 |   0.0 |      19 |       0 |   0.0
        D:2 |      63 |       0 |   0.0 |      17 |       0 |   0.0
        D:3 |     264 |       0 |   0.0 |      29 |       0 |   0.0
        D:4 |     240 |       0 |   0.0 |      24 |       0 |   0.0
        D:5 |     903 |       0 |   0.0 |      21 |       0 |   0.0
        D:6 |     859 |       0 |   0.0 |      20 |       0 |   0.0
        D:7 |    2536 |     629 |  19.9 |      30 |       1 |   3.2
        D:8 |    2650 |     401 |  13.1 |      28 |       5 |  15.2
            +---------+---------+-------+---------+---------+-------
